 Dungeon Crawl Stone Soup version 0.29-a0-872-g797fff5ad1 (webtiles) character file.

Game seed: 9007598428683117239

1016 BritishOli the Slasher (level 8, 61/61 HPs)
             Began as a Demonspawn Gladiator on July 18, 2022.
             Got out of the dungeon alive.
             The game lasted 00:07:23 (5792 turns).

BritishOli the Slasher (Demonspawn Gladiator)       Turns: 5792, Time: 00:07:23

Health: 61/61      AC:  9    Str: 16    XL:     8   Next: 1%
Magic:  8/8        EV: 11    Int: 10    God:
Gold:   79         SH:  0    Dex: 15    Spells: 7/7 levels left

rFire   . . .      SeeInvis .   a - +0 long sword
rCold   . . .      Faith    +   (no shield)
rNeg    . . .      Spirit   .   k - +0 scale mail
rPois   .          Reflect  .   c - +0 helmet
rElec   .          Harm     .   (no cloak)
rCorr   .          Rampage  .   (no gloves)
Will    .....                   q - +0 pair of boots
Stlth   ..........              f - amulet of faith
HPRegen 0.20/turn               (no ring)
MPRegen 0.22/turn               (no ring)

@: no status effects
A: claws 1, demonic guardian 3, magic regeneration, weakness stinger 1
a: no special abilities


You escaped.
You visited 1 branch of the dungeon, and saw 5 of its levels.
You also visited: Ossuary.

You collected 269 gold pieces.
You spent 190 gold pieces at shops.

Inventory:

Hand Weapons
 a - a +0 long sword (weapon)
Missiles
 d - 3 throwing nets (quivered)
 e - a javelin
Armour
 c - a +0 helmet (worn)
 k - a +0 scale mail (worn)
 q - a +0 pair of boots (worn)
Jewellery
 f - an amulet of faith (around neck)
Scrolls
 g - 6 scrolls of identify {unknown}
 j - a scroll of blinking {unknown}
 l - 2 scrolls of amnesia {unknown}
 m - 4 scrolls of teleportation {unknown}
 o - 3 scrolls of immolation {unknown}
 s - a scroll of brand weapon {unknown}
 t - a scroll of enchant armour {unknown}
 u - 2 scrolls of vulnerability {unknown}
 v - 2 scrolls of enchant weapon {unknown}
 w - 2 scrolls of poison {unknown}
 x - 6 scrolls of fear {unknown}
 y - a scroll of silence {unknown}
 D - a scroll of magic mapping {unknown}
Potions
 b - 2 potions of heal wounds
 h - 3 potions of brilliance {unknown}
 i - 2 potions of flight {unknown}
 n - a potion of berserk rage {unknown}
 p - 6 potions of curing
 r - 2 potions of haste
 z - a potion of lignification {unknown}
 A - a potion of might {unknown}
 B - 2 potions of ambrosia {unknown}
 C - 2 potions of invisibility {unknown}


   Skills:
 + Level 4.9 Fighting
 + Level 5.0 Long Blades
 - Level 2.1 Throwing
 + Level 3.8 Armour
 + Level 5.0 Dodging


You had 7 spell levels left.
You didn't know any spells.
Your spell library was empty.

Dungeon Overview and Level Annotations

Branches:
Dungeon (5/15)            Ossuary (visited)
 Temple: D:4-7

Altars:
Ashenzari

Shops:
D:4 [!?


Innate Abilities, Weirdness & Mutations

You have sharp fingernails.
A powerful demonic guardian rushes to your aid.
You regenerate magic rapidly.
You have a small tail.


Message History

Where to? (Enter - D:5 @ (x,y), ? - help)
You see here a +0 scale mail.
There is a stone staircase leading up here.
You climb upwards.
There is a stone staircase leading down here.
(D) Dungeon
Where to? (Enter - D:4, ? - help)
There is an open door here.
You see here a +0 dagger.
There is a stone staircase leading up, spattered with blood here.
You see here a +0 whip.
You climb upwards.
There is a stone staircase leading down here.
(D) Dungeon
Where to? (Enter - D:3, ? - help)
There is a stone staircase leading up here.
You climb upwards.
There is a stone staircase leading down here.
(D) Dungeon
Where to? (Enter - D:2, ? - help)
You see here 8 stones.
There is an open door here.
There is an open door here.
You see here a +0 short sword.
There is a stone staircase leading up here.
You climb upwards.
There is a stone staircase leading down here.
(D) Dungeon
Where to? (Enter - D:1, ? - help)
Okay, then.
(D) Dungeon
Where to? (Enter - D:1, ? - help)
Okay, then.
There is an open door here.
There is an open door here.
There is an open door here.
There is a dry fountain, spattered with blood here.
There is a staircase leading out of the dungeon here.
Are you sure you want to leave the Dungeon?
This will make you lose the game!
You have escaped!

.......# #.# #.###.......#..#...
.......####.# #.# #......#.##.#..
...(...'....###.###...#..#)##.#..
.......######.........#...#.(#...
.......####.###..........#.##.#..
.......##..#.######.............#
...#####.####⌠...⌠#.#.###....####
#### ##..###.....#.#[####...# #
#....##.>.@.#..........#
#.##.##.....#......#...####
#.##.##⌠...⌠#.#.####.......
#....########.#........####
#....#...............#.####
#....#.####.#..............
#.####.# #...............# #.#
#.# #..........####.#
#.####'####.###.#.##...##..


There were no monsters in sight!

Vanquished Creatures
  Grinder (D:4)
  A black bear (D:4)
  A phantom (D:5)
  2 necrophages (D:5)
  A scorpion (D:5)
  A hound (D:5)
  2 iguanas
  A mummy (Ossuary)
  8 adders
  An ufetubus (D:4)
  2 worms
  A dart slug (D:4)
  4 ball pythons
  3 endoplasms
  4 giant cockroaches
  4 goblins
  8 hobgoblins
  A jackal (D:1)
  4 quokkas
  4 bats
  5 frilled lizards
  11 gnoll skeletons (Ossuary)
  12 kobolds
  4 kobold skeletons (Ossuary)
  10 orc skeletons (Ossuary)
  3 rats (D:2)
99 creatures vanquished.

Vanquished Creatures (collateral kills)
  A wraith (Ossuary)
  A kobold brigand (D:4)
  3 jackals (D:2)
  2 kobolds (D:4)
7 creatures vanquished.

Grand Total: 106 creatures vanquished

Notes
Turn   | Place    | Note
-------+----------+-------------------------------------------
     0 | D:1      | BritishOli the Demonspawn Gladiator began the quest for the
                  | Orb.
     0 | D:1      | Reached XP level 1. HP: 16/16 MP: 1/1
   316 | D:1      | Gained mutation: A weak demonic guardian rushes to your
                  | aid. [demonic ancestry]
   316 | D:1      | Reached XP level 2. HP: 22/22 MP: 2/2
  1079 | D:2      | Gained mutation: A demonic guardian rushes to your aid.
                  | [demonic ancestry]
  1079 | D:2      | Reached XP level 3. HP: 19/28 MP: 3/3
  1716 | D:2      | Found a faded altar of an unknown god.
  2332 | D:3      | Found a broken altar of Ashenzari.
  2463 | D:3      | Reached skill level 1 in Armour
  2463 | D:3      | Discovered your monstrous ancestry.
  2463 | D:3      | Gained mutation: You have sharp fingernails. [demonic
                  | ancestry]
  2463 | D:3      | Reached XP level 4. HP: 29/34 MP: 4/4
  2989 | D:4      | Noticed a kobold brigand
  3072 | D:4      | Killed a kobold brigand
  3073 | D:4      | Gained mutation: You have a small tail. [demonic ancestry]
  3073 | D:4      | Reached XP level 5. HP: 6/41 MP: 5/5
  3141 | D:4      | Found a sand-covered staircase.
  3148 | Ossuary  | Entered an ossuary
  3148 | Ossuary  | Noticed a wraith
  3148 | Ossuary  | Noticed a wraith
  3148 | Ossuary  | Noticed a wraith
  3421 | Ossuary  | Noticed a wraith
  3438 | Ossuary  | Killed a wraith
  3439 | Ossuary  | Reached XP level 6. HP: 7/48 MP: 6/6
  3824 | D:4      | Found Odemo's Magic Scroll Shop.
  3833 | D:4      | Found Qiluthres's Distillery.
  3835 | D:4      | Found Jodaeplu's Armour Shop.
  3945 | D:4      | Bought a potion of haste for 100 gold pieces
  3945 | D:4      | Bought a potion of curing for 30 gold pieces
  3945 | D:4      | Bought a potion of curing for 30 gold pieces
  3945 | D:4      | Bought a potion of curing for 30 gold pieces
  4165 | D:4      | Noticed Grinder
  4167 | D:4      | Paralysed by Grinder for 3 turns
  4174 | D:4      | Paralysed by Grinder for 4 turns
  4188 | D:4      | Killed Grinder
  4189 | D:4      | Gained mutation: A powerful demonic guardian rushes to your
                  | aid. [demonic ancestry]
  4189 | D:4      | Reached XP level 7. HP: 14/55 MP: 7/7
  4996 | D:5      | Entered Level 5 of the Dungeon
  5551 | D:5      | Reached skill level 5 in Long Blades
  5551 | D:5      | Reached skill level 5 in Dodging
  5551 | D:5      | Gained mutation: You regenerate magic rapidly. [demonic
                  | ancestry]
  5551 | D:5      | Reached XP level 8. HP: 56/61 MP: 8/8
  5792 | D:$      | Got out of the dungeon alive.

Illustrated notes

Levels and vault maps discovered:
D:1:      amcnicky_arrival_gap_in_the_tavern_cellar, layout_basic,
          minmay_small_reverse_x
D:2:      layout_loops_ring, shapermc_ecumenical_altar_hornbeckon,
          grunt_ministairs_8, kennysheep_nondescript, minivault_14
D:3:      layout_rooms, mainiacjoe_overflow_chevrons, minivault_24,
          kennysheep_path_1
D:4:      layout_loops_corners, chequers_ossuary_entry_cave,
          chequers_serial_rivers_marsh, nicolae_wooded_promenade,
          grunt_ministairs_12, minmay_distorted, uniq_grinder
D:5:      corexii_shack_village, layout_cave_pods

Skill      XL: |  1  2  3  4  5  6  7 |
---------------+----------------------+-----
Throwing       | 2 |  2.1
Dodging        | 3 4 5 |  5.0
Long Blades    | 3 4 5 |  5.0
Armour         | 1 2 3 |  3.8
Fighting       | 3 4 |  4.9

Action                   |  1- 3 |  4- 6 |  7- 9 || total
-------------------------+-------+-------+-------++-------
Melee: Long sword        |   134 |   131 |   111 ||   376
       Punch             |     1 |     3 |     1 ||     5
       Tailslap          |       |    17 |    17 ||    34
  Use: Potion            |       |     1 |       ||     1
Armor: Scale mail        |    64 |    83 |    46 ||   193
       Leather armour    |     4 |       |       ||     4
Dodge: Dodged            |    80 |   113 |    61 ||   254

Table legend: (Time is in decaauts)
 A = Elapsed time spent in this place.
 B = Non-inter-level travel time spent in this place.
 C = Inter-level travel time spent in this place.
 D = Time resting spent in this place.
 E = Time spent auto-exploring this place.
 F = Levels seen in this place.
 G = Mean time per level.
                   A        B        C        D        E       F      G
               +--------+--------+--------+--------+--------+-----+--------+
         Total |   5897 |   5518 |    379 |    619 |   3976 |   6 |  982.8 |
       Dungeon |   5224 |   4845 |    379 |    428 |   3642 |   5 | 1044.8 |
       Ossuary |    673 |    673 |      0 |    191 |    334 |   1 |  673.0 |
               +--------+--------+--------+--------+--------+-----+--------+

Top non-repeatable levels by time:
     D:4: 1661 daAuts
     D:2: 1218 daAuts
     D:1: 994 daAuts
     D:3: 684 daAuts
 Ossuary: 673 daAuts
     D:5: 665 daAuts
